[Event "*** SCC Grand Prix: Titled Tuesday Blitz"]
[Site "Chess.com"]
[Date "2020.09.08"]
[Round "1"]
[White "GMHess"]
[Black "allvim"]
[Result "1-0"]
[WhiteElo "2738"]
[BlackElo "2378"]
[TimeControl "180+1"]
[EndTime "10:04:53 PDT"]
[Termination "GMHess won by resignation"]

1. e4 c5 2. Nc3 e6 3. Nf3 a6 4. d4 cxd4 5. Nxd4 Nc6 6. Nxc6 bxc6 7. Bd3 Bb4 8. O-O d5 9. Qg4 Nf6 10. Qxg7 Rg8 11. Qh6 Bxc3 12. bxc3 dxe4 13. Be2 Rg6 14.
Qh4 Qd6 15. Be3 e5 16. Rfd1 Qe7 17. Bg5 Be6 18. Bh5 h6 19. Bxg6 hxg5 20. Qh8+ Qf8 21. Qxf6 1-0

[Event "*** SCC Grand Prix: Titled Tuesday Blitz"]
[Site "Chess.com"]
[Date "2020.09.08"]
[Round "1"]
[White "JonahWillow"]
[Black "stepanosinovsky"]
[Result "1-0"]
[WhiteElo "2703"]
[BlackElo "2356"]
[TimeControl "180+1"]
[EndTime "10:04:56 PDT"]
[Termination "JonahWillow won on time"]

1. e4 e5 2. Nf3 Nc6 3. Nc3 Nf6 4. Bb5 Bb4 5. O-O O-O 6. d3 d6 7. Bg5 Bxc3 8. bxc3 Qe7 9. Re1 Nd8 10. d4 Ne6 11. Bc1 Rd8 12. Bd3 Nf8 13. Nh4 c6 14. Qf3 Bg4 15. Qg3 Qc7 16. Bg5 N8d7 17. f4 1-0

[Event "*** SCC Grand Prix: Titled Tuesday Blitz"]
[Site "Chess.com"]
[Date "2020.09.08"]
[Round "1"]
[White "DrMamaliga"]
[Black "Fh2411"]
[Result "0-1"]
[WhiteElo "2196"]
[BlackElo "2538"]
[TimeControl "180+1"]
[EndTime "10:04:56 PDT"]
[Termination "Fh2411 won by resignation"]

1. c4 c6 2. Nc3 d5 3. e3 Nf6 4.
Nf3 a6 5. b3 Bg4 6. Be2 e6 7. Bb2 Nbd7 8. O-O Bd6 9. d3 O-O 10.
Qc2 Qe7 11. e4 dxe4 12. dxe4 e5 13. Rad1 Rfd8 14. h3 Bh5 15. Rd2 Bg6 16. Nh4 a5 17. Nxg6 hxg6 18. Rfd1 Bb4 19. Qc1 Bxc3 20. Qxc3 Nxe4 21.
Qe3 Nxd2 22. Rxd2 e4 23. Qc3 Nf6 24. Rxd8+ Qxd8 25. g4 g5 26. Qe5 Qd2 27. Bf1 Re8 28.
Qc3 e3 0-1

[Event "*** SCC Grand Prix: Titled Tuesday Blitz"]
[Site "Chess.com"]
[Date "2020.09.08"]
[Round "1"]
[White "LyonBeast"]
[Black "bratkoo"]
[Result "1-0"]
[WhiteElo "3022"]
[BlackElo "2468"]
[TimeControl "180+1"]
[EndTime "10:04:57 PDT"]
[Termination "LyonBeast won by resignation"]

1. d4 e6 2. c4 d5 3. Nf3 c6 4.
Nc3 dxc4 5. a4 Bb4 6. e4 b5 7. Bd2 Nf6 8. Qb1 Qb6 9. Be2 Bb7 10. O-O Nbd7 11. e5 Bxc3 12. bxc3 Nd5 13. Ng5 c5 14. Ne4 O-O 15. Qxb5 Qxb5 16. axb5 cxd4 17. cxd4 N5b6 18. Nd6 Bd5 19. Ra3 f6 20. Bc3 fxe5 21. dxe5 Nc5 22. Rfa1 Nc8 23. Bb4 Nxd6 24. exd6 Nb3 25. Rd1 Rf7 26.
b6 axb6 27. Rxa8+ Bxa8 28. d7 1-0

[Event "*** SCC Grand Prix: Titled Tuesday Blitz"]
[Site "Chess.com"]
[Date "2020.09.08"]
[Round "1"]
[White "CHESSMASTER759"]
[Black "paulrusan"]
[Result "1-0"]
[WhiteElo "2582"]
[BlackElo "2255"]
[TimeControl "180+1"]
[EndTime "10:04:57 PDT"]
[Termination "CHESSMASTER759 won by resignation"]

1. e4 g6 2. f4 Bg7 3. Nf3 d6 4. d4 Nf6 5. Bd3 c5 6. c3 b6 7. O-O O-O 8. Re1 Bb7 9. e5 Nd5 10. Be4 Qc8 11. c4 Nc7 12. Bxb7 Qxb7 13. d5 Nd7 14. Nc3 a6 15. b3 b5 16. Bd2 b4 17. Ne4 dxe5 18. Nxe5 Nxe5 19. fxe5 Bxe5 20. Nxc5 Qb6 21. Be3 Bxa1 22. Qxa1 Rfe8 23. Ne6 Qxe3+ 24. Rxe3 fxe6 25. dxe6 Rad8 26. h3 Rd6 27. Qe1 a5 28.
Re5 Red8 29. Kh2 Rd1 30. Qf2 Rf8 31. Qc5 Ne8 32. Qxe7 Nf6 33. Rb5 1-0

[Event "*** SCC Grand Prix: Titled Tuesday Blitz"]
[Site "Chess.com"]
[Date "2020.09.08"]
[Round "1"]
[White "GalperinPlaton"]
[Black "Ladislav1969"]
[Result "1-0"]
[WhiteElo "2706"]
[BlackElo "2358"]
[TimeControl "180+1"]
[EndTime "10:04:58 PDT"]
[Termination "GalperinPlaton won by resignation"]

1. d4 Nf6 2. Nf3 g6 3. Bf4 Bg7 4. Nc3 d5 5. e3 b6 6. Nb5 Na6 7. c3 c6 8. Na3 O-O 9. h3 Nc7 10. Bd3 a5 11. Qe2 c5 12. O-O Bb7 13. Rad1 Nd7 14.
Bh2 Bc6 15. e4 dxe4 16. Bxe4 Bxe4 17. Qxe4 cxd4 18. Nxd4 Nc5 19. Qc6 N7a6 20. Ne6 fxe6 21. Rxd8 Raxd8 22. Nc4 Nd3 23. Qxe6+ Kh8 24. Qxb6 Nac5 25.
Qxa5 Ne4 26. f3 Nxb2 27. fxe4 Nxc4 28. Rxf8+ Rxf8 29. Qc5 Nd2 30. Be5 Nxe4 31. Bxg7+ Kxg7 32. Qxe7+ 1-0

[Event "*** SCC Grand Prix: Titled Tuesday Blitz"]
[Site "Chess.com"]
[Date "2020.09.08"]
[Round "1"]
[White "vugarrasulov"]
[Black "Manukyan_Artak"]
[Result "1-0"]
[WhiteElo "2824"]
[BlackElo "2413"]
[TimeControl "180+1"]
[EndTime "10:05:00 PDT"]
[Termination "vugarrasulov won by resignation"]

1. e4 c6 2. Nc3 d5 3. Qf3 Nf6 4. e5 Nfd7 5. d4 e6 6. Nh3 Be7 7. Qg3 Kf8 8. Nf4 b5 9. Qf3 Kg8 10. Bd3 b4 11. Nce2 c5 12. c3 bxc3 13. bxc3 Nc6 14.
O-O g6 15. Be3 c4 16. Bc2 Rb8 17. Rab1 Ba6 18. Rxb8 Ncxb8 19. g3 h5 20. Bxg6 fxg6 21. Nxe6 Qa5 22. N2f4 Nf8 23. Nxf8 Bxf8 24. Nxg6 Qd8 25.
Nxh8 Kxh8 26. Qxh5+ Kg8 27. Rb1 Bg7 28. e6 Nc6 29.
Qf7+ Kh8 30. h4 Qe7 31. Rb8+ 1-0

[Event "*** SCC Grand Prix: Titled Tuesday Blitz"]
[Site "Chess.com"]
[Date "2020.09.08"]
[Round "1"]
[White "KaterynaLagno"]
[Black "tk22h"]
[Result "1-0"]
[WhiteElo "2715"]
[BlackElo "2367"]
[TimeControl "180+1"]
[EndTime "10:05:01 PDT"]
[Termination "KaterynaLagno won by resignation"]

1. e4 e5 2. Nf3 Nc6 3. Bb5 a6 4. Ba4 Nf6 5. O-O Be7 6. d3 b5 7. Bb3 d6 8. c3 O-O 9. Nbd2 Na5 10.
Bc2 c5 11. Re1 Nc6 12. Nf1 h6 13. h3 Re8 14. Ng3 Bf8 15. d4 exd4 16. cxd4 cxd4 17. Nxd4 Nxd4 18. Qxd4 g6 19. Bf4 Bb7 20. Rad1 Rc8 21. Bb3 Bg7 22. Qd3 Nd7 23. Qxd6 Nc5 24. e5 Nxb3 25. axb3 Qh4 26. e6 Rxe6 27. Rxe6 fxe6 28. Qxe6+ Kh7 29. Be5 Rd8 30. Rxd8 Qxd8 31. Qf7 Qf8 32. Qxb7 1-0

[Event "*** SCC Grand Prix: Titled Tuesday Blitz"]
[Site "Chess.com"]
[Date "2020.09.08"]
[Round "1"]
[White "GOGIEFF"]
[Black "mamey78"]
[Result "1-0"]
[WhiteElo "2888"]
[BlackElo "2437"]
[TimeControl "180+1"]
[EndTime "10:05:02 PDT"]
[Termination "GOGIEFF won by resignation"]

1. d4 d5 2. c4 c6 3. Nc3 Nf6 4. e3 e6 5. Nf3 Nbd7 6. Be2 b6 7.
O-O Bb7 8. b3 Bd6 9. Bb2 O-O 10.
Qc2 Rc8 11. Rad1 c5 12. cxd5 cxd4 13. dxe6 dxc3 14. exd7 Qxd7 15. Ba3 Ne4 16. Bc4 Qe7 17. Bxd6 Nxd6 18. Bd5 Rfd8 19. Bxb7 Nxb7 20. Nd4 Nd6 21. Rd3 Ne4 22. Rfd1 g6 23. Nc6 Rxc6 24. Rxd8+ Kg7 25.
R8d7 Qe6 26. Rxa7 Rd6 27. Rxd6 Qxd6 28. h3 Qd5 29. Ra4 1-0

[Event "*** SCC Grand Prix: Titled Tuesday Blitz"]
[Site "Chess.com"]
[Date "2020.09.08"]
[Round "1"]
[White "TudorAnton"]
[Black "pirulillo"]
[Result "1-0"]
[WhiteElo "2566"]
[BlackElo "2232"]
[TimeControl "180+1"]
[EndTime "10:05:02 PDT"]
[Termination "TudorAnton won by resignation"]

1. d4 Nf6 2. c4 g6 3. Nc3 Bg7 4. g3 d6 5. Bg2 O-O 6. Nf3 c6 7. O-O Qa5 8. h3 e5 9. e4 exd4 10. Nxd4 Nbd7 11. Re1 Ne5 12. Bf1 Be6 13. Nb3 Qc7 14. Nd2 c5 15. f4 Nc6 16. Nd5 Bxd5 17.
cxd5 Nd4 18. Nf3 Nh5 19. Kh2 f5 20. Nxd4 Bxd4 21. exf5 Rxf5 22. g4 Rxf4 23. gxh5 Rf2+ 24. Bg2 Qg7 25. Qg4 Raf8 26. h6 Qf6 27. Qe6+ Qxe6 28. dxe6 Be5+ 29. Rxe5 dxe5 30. Be3 Rxb2 31. Bxc5 Re8 32.
e7 b6 33. Ba3 Rd2 34. Rf1 1-0

[Event "*** SCC Grand Prix: Titled Tuesday Blitz"]
[Site "Chess.com"]
[Date "2020.09.08"]
[Round "1"]
[White "vizumatv4hoda"]
[Black "markberk"]
[Result "1-0"]
[WhiteElo "2744"]
[BlackElo "2385"]
[TimeControl "180+1"]
[EndTime "10:05:06 PDT"]
[Termination "vizumatv4hoda won on time"]

1. e4 c6 2. d4 d5 3. exd5 cxd5 4. c4 Nf6 5. Nc3 Be6 6. cxd5 Nxd5 7. Nf3 g6 8. Ng5 Nxc3 9. bxc3 Bd5 10. Bb5+ Nc6 11.
O-O h6 12. Nf3 Bg7 13. Re1 O-O 14. Bxc6 Bxc6 15. Ne5 Bd5 16. Ba3 Re8 17. c4 Bc6 18. d5 Qa5 19. Bb2 Ba4 20. Qf3 Rf8 21. Bc3 Qa6 22. Re4 Bc2 23. Re2 Bf5 24. h3 Bxe5 25. Bxe5 Qxc4 26. Bb2 Rad8 27. Rae1 Qxd5 28. Qf4 Kh7 29. Rxe7 1-0

[Event "*** SCC Grand Prix: Titled Tuesday Blitz"]
[Site "Chess.com"]
[Date "2020.09.08"]
[Round "1"]
[White "Tenamu"]
[Black "DanielDardha2005"]
[Result "1-0"]
[WhiteElo "2378"]
[BlackElo "2672"]
[TimeControl "180+1"]
[EndTime "10:05:07 PDT"]
[Termination "Tenamu won by checkmate"]

1. d4 Nf6 2. Nc3 d5 3. Bf4 Nbd7 4. Nb5 e5 5. Bxe5 Nxe5 6. dxe5 Ne4 7. Qxd5 Bf5 8. f3 Nc5 9. e4 Bd7 10. Bc4 Qg5 11.
Nxc7+ Kd8 12. Nxa8 Qxg2 13. O-O-O Qxh1 14. Bb5 Kc8 15. Bxd7+ Kb8 16. Be8 Be7 17. Qd8+ Bxd8 18. Rxd8# 1-0

[Event "*** SCC Grand Prix: Titled Tuesday Blitz"]
[Site "Chess.com"]
[Date "2020.09.08"]
[Round "1"]
[White "ENajer77"]
[Black "SmirnovAlexandrA"]
[Result "1-0"]
[WhiteElo "2607"]
[BlackElo "2283"]
[TimeControl "180+1"]
[EndTime "10:05:08 PDT"]
[Termination "ENajer77 won by resignation"]

1. e4 c5 2. Nf3 d6 3. d4 cxd4 4. Nxd4 Nf6 5. Nc3 a6 6. Be3 e5 7. Nf3 Be7 8. Bc4 O-O 9. O-O h6 10. Nh4 Nc6 11. Ng6 Re8 12. a3 b5 13. Ba2 Bb7 14. Nd5 Nxd5 15. Qxd5 Rf8 16. Nxf8 Qxf8 17. Qd2 Kh7 18. Bd5 Rc8 19. Rad1 Nd8 20. Bxb7 Nxb7 21. Qd5 Nc5 22. c4 f5 23. cxb5 axb5 24. exf5 Qxf5 25.
f4 Bf6 26. Qxd6 Ne4 27. Qd7 Qxd7 28. Rxd7 Rc2 29. fxe5 Bxe5 30. Re7 1-0

[Event "*** SCC Grand Prix: Titled Tuesday Blitz"]
[Site "Chess.com"]
[Date "2020.09.08"]
[Round "1"]
[White "IvanSoriano1"]
[Black "ArjunErigaisi2003"]
[Result "0-1"]
[WhiteElo "2468"]
[BlackElo "3055"]
[TimeControl "180+1"]
[EndTime "10:05:15 PDT"]
[Termination "ArjunErigaisi2003 won by resignation"]

1. e4 c6 2. d4 d5 3. e5 Bf5 4. Nf3 e6 5. Be2 c5 6. O-O Nc6 7.
Be3 cxd4 8. Nxd4 Nge7 9. c4 Nxd4 10. Bxd4 Nc6 11. cxd5 Qxd5 12. Bc3 O-O-O 13. Qxd5 exd5 14. b3 d4 15. Bb2 Nxe5 16. Rd1 d3 17. Bxe5 dxe2 18. Rc1+ Kd7 19. Nc3 Bd3 20. Bd4 Ba3 21. Re1 Bb2 22. Bxg7 Rhe8 0-1

[Event "*** SCC Grand Prix: Titled Tuesday Blitz"]
[Site "Chess.com"]
[Date "2020.09.08"]
[Round "1"]
[White "chessplayer9919"]
[Black "kidagent"]
[Result "1-0"]
[WhiteElo "2603"]
[BlackElo "2275"]
[TimeControl "180+1"]
[EndTime "10:05:16 PDT"]
[Termination "chessplayer9919 won by resignation"]

1. e4 c5 2. Nc3 Nc6 3. Bb5 Nd4 4. Nf3 a6 5. Bd3 g6 6. Nxd4 cxd4 7. Ne2 d5 8. c3 dxe4 9. Bxe4 Nf6 10. Qa4+ Qd7 11. Qxd7+ Kxd7 12. Bc2 dxc3 13. dxc3 e5 14. Bg5 Be7 15.
O-O-O+ Kc7 16. Ng3 Re8 17. Rhe1 Ng8 18. Bxe7 Rxe7 19.
Bb3 Nh6 20. Ne4 f5 21. Nf6 1-0

[Event "*** SCC Grand Prix: Titled Tuesday Blitz"]
[Site "Chess.com"]
[Date "2020.09.08"]
[Round "1"]
[White "Hikaru"]
[Black "Shuvalov"]
[Result "1-0"]
[WhiteElo "3216"]
[BlackElo "2471"]
[TimeControl "180+1"]
[EndTime "10:05:20 PDT"]
[Termination "Hikaru won by checkmate"]

1. Nf3 d5 2. b3 Nf6 3. e3 Bf5 4.
Bb2 e6 5. Nh4 Bg6 6. Nxg6 hxg6 7. g3 Be7 8. Bg2 c6 9. d3 Nbd7 10. Nd2 a5 11. a3 O-O 12. Qe2 Bd6 13. e4 e5 14. O-O Re8 15. exd5 cxd5 16. c4 Nb6 17.
Rfc1 Rc8 18. Bc3 a4 19. b4 Bb8 20. Bb2 Qd7 21. Rc2 d4 22. Re1 g5 23. Ne4 Nxe4 24. Qxe4 g4 25. Qxb7 Qxb7 26. Bxb7 Rcd8 27. c5 Nd5 28. Bc6 Re7 29. Bxa4 f5 30. Bb3 Kf8 31. Bxd5 Rxd5 32. a4 Ba7 33. a5 e4 34. Kf1 Ke8 35. Rc4 exd3 36. Rxe7+ Kxe7 37. Rxd4 Rxd4 38. Bxd4 Ke6 39. b5 Kd5 40. b6 Bb8 41.
Be3 Ke4 42. a6 Kf3 43. a7 g6 44. a8=Q# 1-0

[Event "*** SCC Grand Prix: Titled Tuesday Blitz"]
[Site "Chess.com"]
[Date "2020.09.08"]
[Round "1"]
[White "saraswathii"]
[Black "Koksik_13"]
[Result "0-1"]
[WhiteElo "2312"]
[BlackElo "2637"]
[TimeControl "180+1"]
[EndTime "10:05:20 PDT"]
[Termination "Koksik_13 won by resignation"]

1. e4 e6 2. d3 d5 3. Nd2 Nf6 4.
Ngf3 b6 5. g3 dxe4 6. dxe4 Bc5 7. Bg2 Ba6 8. c4 Qd3 9. Qe2 Qxe2+ 10. Kxe2 Nc6 11. b3 O-O-O 12. Bb2 Nb4 13. Ne5 Rhf8 14.
f4 Nc2 15. Rad1 Ne3 16. Rdg1 Nxg2 17. Rxg2 Bb7 18. Nef3 Nxe4 19. Nxe4 Bxe4 20. Bxg7 Bxf3+ 21. Kxf3 Rd3+ 22. Ke2 Rfd8 23. Re1 Rd2+ 24. Kf1 Rxg2 25. Kxg2 Rd2+ 26. Kh3 Rxa2 27. Bf6 Rd2 28. Rb1 a5 29.
Be5 Kb7 30. Bf6 Kc8 31. Be5 f5 32.
Bf6 Kd7 33. Be5 c6 34. Bf6 Ke8 35. Be5 Kf7 36. g4 Rd3+ 0-1

[Event "*** SCC Grand Prix: Titled Tuesday Blitz"]
[Site "Chess.com"]
[Date "2020.09.08"]
[Round "1"]
[White "JRenatoMaranhao"]
[Black "SCIM"]
[Result "0-1"]
[WhiteElo "2021"]
[BlackElo "2491"]
[TimeControl "180+1"]
[EndTime "10:05:24 PDT"]
[Termination "SCIM won on time"]

1. e4 c5 2. Nf3 e6 3. d4 cxd4 4. Nxd4 Nc6 5. Nc3 Qc7 6. Nxc6 bxc6 7. Bd3 d5 8. O-O Nf6 9. Bg5 Be7 10. Re1 O-O 11. e5 Ne8 12. Bxe7 Qxe7 13. Re3 g6 14. Rg3 Ng7 15. Ne2 a5 16. Nf4 Ba6 17. Nh5 gxh5 18. Qxh5 Bxd3 19. cxd3 f5 20. exf6 Rxf6 21. Re1 Raf8 22.
Qh4 Kh8 23. Qd4 Nf5 0-1

[Event "*** SCC Grand Prix: Titled Tuesday Blitz"]
[Site "Chess.com"]
[Date "2020.09.08"]
[Round "1"]
[White "teacher4chess"]
[Black "Sergey85Rodchenkov"]
[Result "0-1"]
[WhiteElo "2081"]
[BlackElo "2500"]
[TimeControl "180+1"]
[EndTime "10:05:27 PDT"]
[Termination "Sergey85Rodchenkov won by resignation"]

1. d4 Nf6 2. c4 e6 3. a3 b6 4.
Nf3 Bb7 5. Nc3 Ne4 6. Qc2 f5 7. d5 Nd6 8. e4 fxe4 9. Nxe4 exd5 10. Bg5 Be7 11. Nxd6+ cxd6 12. h4 O-O 13. Bd3 h6 14.
O-O-O Nc6 15. Bxe7 Qxe7 16. Rhe1 Ne5 17. Bh7+ Kh8 18. Kb1 Rac8 19. Nxe5 dxe5 20. g3 Rxc4 21. Qd3 Qf6 22. h5 e4 23. Qd2 Kxh7 0-1

[Event "*** SCC Grand Prix: Titled Tuesday Blitz"]
[Site "Chess.com"]
[Date "2020.09.08"]
[Round "1"]
[White "Guenplen"]
[Black "willc-h99"]
[Result "1-0"]
[WhiteElo "2903"]
[BlackElo "2448"]
[TimeControl "180+1"]
[EndTime "10:05:28 PDT"]
[Termination "Guenplen won by checkmate"]

1. d4 Nf6 2. Bf4 e6 3. e3 b6 4. Qf3 Nc6 5. Nc3 Bb7 6. O-O-O d6 7. e4 Qd7 8. d5 Nd8 9. Bb5 c6 10. dxc6 Bxc6 11. Bxc6 Qxc6 12. Nge2 Be7 13. Nd4 Qb7 14.
Ndb5 e5 15. Bg5 Qc6 16. Bxf6 gxf6 17. Nd5 Rc8 18. Nbc3 Ne6 19. Nxe7 Kxe7 20. Nd5+ Kf8 21. c3 Rg8 22. Qxf6 Rg6 23. Qh8+ Rg8 24. Qxh7 Rxg2 25.
Rhg1 Rxg1 26. Rxg1 Ke8 27. Rg8+ Nf8 28. Rxf8+ Kxf8 29. Qh8# 1-0

[Event "*** SCC Grand Prix: Titled Tuesday Blitz"]
[Site "Chess.com"]
[Date "2020.09.08"]
[Round "1"]
[White "Alexander_Zubov"]
[Black "MFBerna"]
[Result "1-0"]
[WhiteElo "2966"]
[BlackElo "2463"]
[TimeControl "180+1"]
[EndTime "10:05:33 PDT"]
[Termination "Alexander_Zubov won by resignation"]

1. d3 d5 2. Nf3 Nf6 3. g3 g6 4. Bg2 Bg7 5. O-O O-O 6. Nbd2 c5 7. e4 Nc6 8. c3 e5 9. exd5 Nxd5 10. Re1 Re8 11. Qb3 Nc7 12. Ne4 b6 13. Bg5 Qd5 14. Nf6+ Bxf6 15. Bxf6 Qxb3 16. axb3 Bb7 17. Nxe5 Re6 18.
Nxc6 Bxc6 19. Rxe6 Bxg2 20. Re7 Nd5 21. Rexa7 Rxa7 22.
Rxa7 Nxf6 23. Kxg2 1-0

[Event "*** SCC Grand Prix: Titled Tuesday Blitz"]
[Site "Chess.com"]
[Date "2020.09.08"]
[Round "1"]
[White "RaunakSadhwani2005"]
[Black "zmeeed67"]
[Result "1-0"]
[WhiteElo "2873"]
[BlackElo "2435"]
[TimeControl "180+1"]
[EndTime "10:05:33 PDT"]
[Termination "RaunakSadhwani2005 won by resignation"]

1. e4 Nc6 2. d4 d6 3. d5 Ne5 4. f4 Nd7 5. Nf3 c6 6. Nc3 Ngf6 7. Bc4 cxd5 8. exd5 g6 9. Be3 Bg7 10. Qe2 O-O 11. Bd4 Re8 12. h4 Nh5 13. Bxg7 Kxg7 14. Qd2 Ndf6 15. O-O-O a6 16. Nd4 Bg4 17. Be2 Qd7 18.
f5 Rac8 19. Bxg4 Nxg4 20. Qe2 Ne5 21. Ne4 gxf5 22. Nxd6 Ng3 23. Qxe5+ 1-0

[Event "*** SCC Grand Prix: Titled Tuesday Blitz"]
[Site "Chess.com"]
[Date "2020.09.08"]
[Round "1"]
[White "Xeniya2005"]
[Black "Maghalashvili"]
[Result "0-1"]
[WhiteElo "2384"]
[BlackElo "2743"]
[TimeControl "180+1"]
[EndTime "10:05:33 PDT"]
[Termination "Maghalashvili won by resignation"]

1. e4 c5 2. Be2 g6 3. f4 d6 4. Nf3 Nf6 5. d3 Bg4 6. O-O Nc6 7. c3 Bg7 8. Be3 Bxf3 9. Bxf3 O-O 10. Nd2 Rc8 11. Qe2 Nd7 12. a4 a6 13. Qf2 b5 14.
axb5 axb5 15. Qg3 b4 16. Rac1 Nb6 17. Qh3 Na4 18. f5 Nxb2 19. cxb4 Nxb4 20. Bh6 N2xd3 21. Bxg7 Kxg7 22. Rcd1 c4 23. Be2 Qb6+ 24. Kh1 Nf2+ 25. Rxf2 Qxf2 26. Bxc4 Nc2 27. Qc3+ Nd4 28. Rf1 Rxc4 0-1

[Event "*** SCC Grand Prix: Titled Tuesday Blitz"]
[Site "Chess.com"]
[Date "2020.09.08"]
[Round "1"]
[White "XiaoKangZhong"]
[Black "Funo09"]
[Result "0-1"]
[WhiteElo "2421"]
[BlackElo "2841"]
[TimeControl "180+1"]
[EndTime "10:05:34 PDT"]
[Termination "Funo09 won by resignation"]

1. e4 c5 2. c3 Nf6 3. e5 Nd5 4. d4 cxd4 5. Nf3 g6 6. cxd4 Bg7 7. Nc3 Nxc3 8. bxc3 O-O 9. Bd3 d6 10. Qe2 Nc6 11.
Bf4 Bg4 12. exd6 exd6 13. O-O Re8 14. Be3 d5 15. h3 Be6 16. Rab1 b6 17. Qd2 Rc8 18.
Rfe1 Na5 19. Ng5 Bd7 20. Bf4 Nc4 21. Bxc4 Rxc4 22. Rxe8+ Bxe8 23. Re1 Rc8 24. Nf3 Bd7 25. Bd6 Bf5 26. Be5 f6 27. Bg3 Bf8 28. Qe3 Kf7 29.
Nh4 Bd7 30. f4 Qc7 31. Rc1 Re8 32. Qf3 Qc6 33. f5 g5 34. Qh5+ Kg7 35. Nf3 Bxf5 36. h4 Bg6 37. Qg4 h5 38. Qh3 g4 39.
Qh2 gxf3 40. gxf3 Ba3 0-1

[Event "*** SCC Grand Prix: Titled Tuesday Blitz"]
[Site "Chess.com"]
[Date "2020.09.08"]
[Round "1"]
[White "Anton_Demchenko"]
[Black "RestartingChess"]
[Result "1-0"]
[WhiteElo "2866"]
[BlackElo "2432"]
[TimeControl "180+1"]
[EndTime "10:05:35 PDT"]
[Termination "Anton_Demchenko won by resignation"]

1. e4 Nf6 2. e5 Nd5 3. d4 d6 4. Nf3 g6 5. Bc4 Nb6 6. Bb3 Bg7 7. exd6 exd6 8. O-O O-O 9. h3 Bf5 10. Bg5 Qd7 11. Nbd2 Nc6 12. c3 a5 13. a4 d5 14. Re1 Rfe8 15. Nf1 Be4 16. Ng3 Nc8 17. Nxe4 dxe4 18. Nd2 Nd6 19. Bf4 Qf5 20. Qg4 h5 21.
Qg3 Rad8 22. Bc2 Ne7 23. Bxd6 cxd6 24. Rxe4 d5 25. Rxe7 Qxc2 26. Qe3 Kf8 27. Re1 1-0

[Event "*** SCC Grand Prix: Titled Tuesday Blitz"]
[Site "Chess.com"]
[Date "2020.09.08"]
[Round "1"]
[White "Vsevolod_Ovchinnikov"]
[Black "uthoang"]
[Result "1-0"]
[WhiteElo "2561"]
[BlackElo "2221"]
[TimeControl "180+1"]
[EndTime "10:05:37 PDT"]
[Termination "Vsevolod_Ovchinnikov won by resignation"]

1. d4 d5 2. c4 c6 3. Nf3 Nf6 4. g3 Bf5 5. Nc3 e6 6. Qb3 Qb6 7.
c5 Qxb3 8. axb3 Be7 9. b4 O-O 10.
Nh4 Be4 11. f3 Bg6 12. Nxg6 hxg6 13. Bf4 Nfd7 14. e4 dxe4 15. fxe4 Nf6 16. Be2 Rd8 17. Be3 Nh5 18. e5 g5 19. Bxh5 a6 20. O-O g6 21.
Be2 Nd7 22. Rf2 Kg7 23. Raf1 Rf8 24. Ne4 a5 25. b5 a4 26. bxc6 bxc6 27. Bxg5 Bxg5 28.
Nxg5 f5 29. Nxe6+ 1-0

[Event "*** SCC Grand Prix: Titled Tuesday Blitz"]
[Site "Chess.com"]
[Date "2020.09.08"]
[Round "1"]
[White "Sven_Tica"]
[Black "DishonorOnYourCow"]
[Result "1-0"]
[WhiteElo "2685"]
[BlackElo "2351"]
[TimeControl "180+1"]
[EndTime "10:05:38 PDT"]
[Termination "Sven_Tica won on time"]

1. d4 Nf6 2. c4 g6 3. Nc3 d5 4. Bf4 Bg7 5. e3 O-O 6. Rc1 Be6 7. c5 b6 8. b4 a5 9. a3 axb4 10. axb4 bxc5 11. bxc5 c6 12. h3 Qa5 13. Bd3 Ne4 14. Bxe4 dxe4 15. Ne2 Bc4 16. O-O Bd3 17. Ra1 Qxa1 18.
Qxa1 Rxa1 19. Rxa1 Nd7 20. Ra7 Rd8 21. Bc7 Re8 22. Bb6 Nb8 23. Nc1 e5 24. d5 cxd5 25. Nxd5 Nc6 26. Rc7 Bb5 27. Nc3 Rd8 28. Rxc6 Rd1+ 29.
Nxd1 Bxc6 30. Nc3 f5 31. Nb3 Bf8 32. Na5 Be8 33. Nd5 Kf7 34. c6 1-0

[Event "*** SCC Grand Prix: Titled Tuesday Blitz"]
[Site "Chess.com"]
[Date "2020.09.08"]
[Round "1"]
[White "LaPorfia"]
[Black "AldokhinIvan"]
[Result "0-1"]
[WhiteElo "2240"]
[BlackElo "2568"]
[TimeControl "180+1"]
[EndTime "10:05:38 PDT"]
[Termination "AldokhinIvan won by resignation"]

1. d4 Nf6 2. Nf3 g6 3. Nc3 Bg7 4. e4 d6 5. h3 O-O 6. Be3 Nbd7 7.
Be2 e5 8. dxe5 dxe5 9. O-O Re8 10. Nd2 Nf8 11. Nc4 N6d7 12. Qc1 Ne6 13. Bh6 Bh8 14.
Rd1 Nd4 15. Bf1 Nb6 16. Nxb6 axb6 17. Ne2 Qh4 18. Ng3 Ne6 19. Bc4 Nf4 20. Bxf4 exf4 21.
Nf1 f3 22. Qe3 fxg2 23. Kxg2 Rxe4 24. Rd8+ Qxd8 25. Qxe4 Bf5 26. Qf3 Qd4 27. Ne3 Be4 0-1

[Event "*** SCC Grand Prix: Titled Tuesday Blitz"]
[Site "Chess.com"]
[Date "2020.09.08"]
[Round "1"]
[White "albano87"]
[Black "ClockworkKubrick"]
[Result "1-0"]
[WhiteElo "2523"]
[BlackElo "2154"]
[TimeControl "180+1"]
[EndTime "10:05:38 PDT"]
[Termination "albano87 won by checkmate"]

1. e4 d6 2. d4 Nf6 3. Nc3 g6 4. Bf4 Bg7 5. Qd2 O-O 6. O-O-O c6 7. Kb1 Nbd7 8. f3 b5 9. h4 Qa5 10. Bh6 e5 11. dxe5 dxe5 12. h5 Nc5 13. hxg6 fxg6 14.
Bxg7 Kxg7 15. Qh6+ Kg8 16. Nh3 Bxh3 17. Rxh3 Rf7 18.
Rd6 Ne8 19. Rxg6+ Kh8 20. Qg5 Ng7 21. Rgh6 Nge6 22. Qxe5+ Kg8 23. Rg6+ Kf8 24. Qh8+ Ke7 25. Rxe6+ Kxe6 26. Qxa8 Qc7 27. Rh6+ Kd7 28. Nxb5 cxb5 29.
Bxb5+ Ke7 30. Qe8# 1-0

[Event "*** SCC Grand Prix: Titled Tuesday Blitz"]
[Site "Chess.com"]
[Date "2020.09.08"]
[Round "1"]
[White "pedromartinez91"]
[Black "mishanick"]
[Result "0-1"]
[WhiteElo "2466"]
[BlackElo "3003"]
[TimeControl "180+1"]
[EndTime "10:05:39 PDT"]
[Termination "mishanick won by resignation"]

1. e4 c5 2. Nf3 d6 3. Bb5+ Nd7 4. O-O a6 5. Bxd7+ Bxd7 6. d4 cxd4 7. Qxd4 e5 8. Qd3 Rc8 9. Nc3 Be6 10. Rd1 h6 11. Nd2 Nf6 12. Nf1 Rc4 13. f3 Rd4 14. Qe2 Rxd1 15.
Qxd1 d5 16. exd5 Nxd5 17. Nxd5 Qxd5 18. Qxd5 Bxd5 19. Be3 Kd7 20. Nd2 Kc6 21. c4 Be6 22. g4 Be7 23. Ne4 h5 24. h3 hxg4 25. hxg4 Rh3 26.
Kg2 Rh8 27. Rd1 g6 28. Bg5 Bxg5 29. Nxg5 Bxc4 30. Rc1 Kb5 31. b3 Bd5 32. Rd1 Kc5 33. b4+ Kc4 34. a3 f6 35. Nh3 f5 36. gxf5 gxf5 37.
Rc1+ Kb3 38. Rg1 0-1

[Event "*** SCC Grand Prix: Titled Tuesday Blitz"]
[Site "Chess.com"]
[Date "2020.09.08"]
[Round "1"]
[White "gmpeter008"]
[Black "Oneofmyturns"]
[Result "1-0"]
[WhiteElo "2350"]
[BlackElo "2650"]
[TimeControl "180+1"]
[EndTime "10:05:40 PDT"]
[Termination "gmpeter008 won by resignation"]

1. d4 Nf6 2. Bf4 d5 3. Nf3 e6 4. e3 Bd6 5. Bg3 O-O 6. Nbd2 c5 7. c3 b6 8. a4 Nc6 9. Ne5 Bb7 10. Bd3 Ne7 11.
f4 Nf5 12. Bf2 Be7 13. O-O Nd6 14. a5 c4 15. Bc2 b5 16. a6 Bc8 17. Bh4 Qc7 18. Rf3 Nfe4 19. Bxe7 Qxe7 20. Nxe4 dxe4 21.
Rh3 g6 22. Qg4 f6 23. Nxg6 hxg6 24. Qxg6+ Qg7 25. Qh5 1-0